 Dungeon Crawl Stone Soup version 0.28-a0-1206-g193881aaa2 (webtiles) character file.

Game seed: 15488473582864617617

49 flotson the Ducker (level 3, -4/28 HPs)
             Began as a Demonspawn Gladiator on Dec 21, 2021.
             Slain by a gnoll shaman (9 damage)
             ... on level 2 of the Dungeon.
             The game lasted 00:01:23 (1105 turns).

flotson the Ducker (Demonspawn Gladiator)           Turns: 1105, Time: 00:01:24

Health: -4/28      AC:  9    Str: 16    XL:     3   Next: 51%
Magic:  0/3        EV: 11    Int:  9    God:
Gold:   53         SH:  0    Dex: 14    Spells: 2/2 levels left

rFire   . . .      SeeInvis .   a - +0 war axe
rCold   . . .      Faith    .   (no shield)
rNeg    . . .      Spirit   +   b - +0 swamp dragon scales
rPois   +          Reflect  .   (helmet restricted)
rElec   .          Harm     .   (no cloak)
rCorr   .          Rampage  .   (no gloves)
Will    .....                   j - +1 pair of boots
Stlth   +.........              f - amulet of guardian spirit
HPRegen 0.09/turn               i - +4 ring of slaying
MPRegen 0.08/turn               (no ring)

@: no status effects
A: horns 1, demonic touch 1
a: no special abilities


You were on level 2 of the Dungeon.
You visited 1 branch of the dungeon, and saw 2 of its levels.

You collected 53 gold pieces.

Inventory:

Hand Weapons
 a - a +0 war axe (weapon)
Missiles
 d - 3 throwing nets (quivered)
Armour
 b - +0 swamp dragon scales (worn)
 j - a +1 pair of boots (worn)
Jewellery
 f - an amulet of guardian spirit (around neck)
 h - a ring of ice
 i - a +4 ring of slaying (left hand)
Scrolls
 g - a scroll of amnesia {unknown}
Potions
 e - a potion of brilliance {unknown}
 k - a potion of mutation {unknown}


   Skills:
 + Level 2.6 Fighting
 - Level 2.6 Axes
 + Level 2.3 Throwing
 + Level 1.2 Armour
 + Level 3.1 Dodging


You had 2 spell levels left.
You didn't know any spells.
Your spell library was empty.

Dungeon Overview and Level Annotations

Branches:
Dungeon (2/15)

Altars:


Innate Abilities, Weirdness & Mutations

You have a pair of small horns on your head.
Your touch may inflict minor irresistible damage on your foes.


Message History

3 gnolls and a gnoll shaman come into view.
The gnoll shaman is wielding a +2 whip of holy wrath.
The gnoll shaman shouts!
The gnoll shouts! x2
The gnoll barely misses you.
The gnoll moves out of view.
You hit the gnoll.
The gnoll is heavily wounded.
The gnoll hits you but does no damage. x2
You slash the gnoll!
You kill the gnoll!
You hit the gnoll shaman.
The gnoll shaman is lightly wounded.
You hit the gnoll shaman but do no damage.
The gnoll shaman is lightly wounded.
You closely miss the gnoll.
The gnoll shaman hits you with a +2 whip of holy wrath.
You convulse.
The gnoll hits you with a +0 club.
The gnoll shaman hits you with a +2 whip of holy wrath.
You convulse.
You barely miss the gnoll shaman.
The gnoll shaman is lightly wounded.
You slash the gnoll! The gnoll hits you but does no damage.
The gnoll shaman closely misses you.
Unknown command.
You closely miss the gnoll.
The gnoll is severely wounded.
You hit the gnoll shaman but do no damage.
The gnoll barely misses you.
The gnoll shaman hits you with a +2 whip of holy wrath.
You convulse.
The gnoll completely misses you.
Unknown command.
You barely miss the gnoll. You headbutt the gnoll.
The gnoll is severely wounded.
You hit the gnoll shaman.
The gnoll shaman hits you with a +2 whip of holy wrath.
You convulse.
* * * LOW HITPOINT WARNING * * *
The gnoll hits you with a +0 club.
* * * LOW HITPOINT WARNING * * *
The gnoll shaman hits you with a +2 whip of holy wrath!
You die...

.####..#.#####.#
...............[ ..
.......#........ .#
....).......#### .#
.##...)#.#### .# #
.......#.########.##.#
###..............g..
........########g#
#####........).@g#
##############


You could see a gnoll shaman and 2 gnolls.

Vanquished Creatures
  2 gnolls (D:2)
  A bat (D:1)
  3 endoplasms
  A giant cockroach (D:1)
  2 goblins (D:1)
  3 hobgoblins (D:1)
  7 jackals (D:1)
  A quokka (D:1)
  A ball python (D:1)
  2 frilled lizards (D:1)
  2 kobolds (D:1)
  A rat (D:1)
26 creatures vanquished.

Notes
Turn   | Place    | Note
-------+----------+-------------------------------------------
     0 | D:1      | flotson the Demonspawn Gladiator began the quest for the
                  | Orb.
     0 | D:1      | Reached XP level 1. HP: 16/16 MP: 1/1
   268 | D:1      | Discovered your monstrous ancestry.
   268 | D:1      | Gained mutation: Your touch may inflict minor irresistible
                  | damage on your foes. [demonic ancestry]
   268 | D:1      | Reached XP level 2. HP: 16/22 MP: 2/2
   456 | D:1      | Found a faded altar of an unknown god.
   694 | D:1      | Reached skill level 1 in Armour
   694 | D:1      | Reached skill level 3 in Dodging
   854 | D:1      | Gained mutation: You have a pair of small horns on your
                  | head. [demonic ancestry]
   854 | D:1      | Reached XP level 3. HP: 28/28 MP: 3/3
  1105 | D:2      | Slain by a gnoll shaman

Illustrated notes

Levels and vault maps discovered:
D:1:      psy_arrival_spokes, layout_loops_ring, ebering_ecumenical_altar_webs
D:2:      layout_loops_ring

Skill      XL: |  1  2 |
---------------+-------+-----
Throwing       | 2 |  2.3
Armour         | 1 |  1.2
Dodging        | 3 |  3.1
Fighting       | |  2.6
Axes           | |  2.6

Action                   || total
-------------------------++-------
Melee: War axe           ||    61
       Touch             ||     7
       Headbutt          ||     2
 Stab: Sleeping          ||     1
Armor: Leather armour    ||    17
       Swamp dragon scal ||     7
       Ring mail         ||     1
Dodge: Dodged            ||    49

Table legend: (Time is in decaauts)
 A = Elapsed time spent in this place.
 B = Non-inter-level travel time spent in this place.
 C = Inter-level travel time spent in this place.
 D = Time resting spent in this place.
 E = Time spent auto-exploring this place.
 F = Levels seen in this place.
 G = Mean time per level.
                   A        B        C        D        E       F      G
               +--------+--------+--------+--------+--------+-----+--------+
         Total |   1126 |   1064 |     62 |      0 |    869 |   2 |  563.0 |
       Dungeon |   1126 |   1064 |     62 |      0 |    869 |   2 |  563.0 |
               +--------+--------+--------+--------+--------+-----+--------+

Top non-repeatable levels by time:
     D:1: 1071 daAuts
     D:2: 54 daAuts
